Map: Frostline LE

Players

wootwoot - Winner!

  • Race: Terran Terran
  • League: Silver
  • Spawn Location: 1:00

XanthiX

  • Race: Terran Terran
  • League: Silver
  • Spawn Location: 7:00

VOD

Have the link to the VOD?

Description

Time

  • Played on: April 1, 2025, 4 p.m.
  • Length: 9:03
Show
View Real Time Build Order
Export as new Build Order

wootwoot Terran - Winner!

Build Orders: 1/1/1 

Get SALT Encoding   

  12  0:00  SCV  
  13  0:12  SCV  
  14  0:17  Supply Depot  
  14  0:24  SCV  
  15  0:29  Refinery  
  15  0:39  SCV  
  16  0:45  Barracks  
  16  0:51  SCV  
  16  0:56  Refinery  
  17  1:03  SCV  
  18  1:15  SCV  
  19  1:32  Orbital Command  
  19  1:33  Factory  
  19  1:34  Barracks Reactor  
  19  1:44  Supply Depot  
  19  1:58  SCV  
  20  2:10  SCV  
  20  2:11  Marine x2  
  23  2:17  Starport, Factory Tech Lab  
  23  2:22  SCV  
  24  2:36  Siege Tank  
  27  2:44  Supply Depot  
  27  2:45  Marine  
  27  2:46  Marine  
  29  2:53  Medivac  
  31  3:06  Marine x2  
  31  3:08  Siege Tank  
  36  3:14  Supply Depot  
  36  3:24  Marine x2  
  38  3:37  Supply Depot  
  38  3:38  Medivac  
  40  3:47  Orbital Command  
  35  3:52  Siege Tank, Marine x2  
  28  4:17  SCV  
  28  4:29  SCV  
  29  4:41  SCV  
  30  4:54  SCV  
  31  5:06  SCV  
  32  5:18  SCV  
  33  5:30  SCV  
  34  5:42  SCV  
  33  5:50  Viking  
  33  5:52  Marine x2  
  33  5:54  SCV  
  37  6:04  Siege Tank  
  37  6:06  SCV  
  37  6:10  Marine x2  
  43  6:18  SCV  
  44  6:37  Viking  
  46  6:42  Marine  
  46  6:43  Marine  
  48  7:41  Viking  
  48  7:42  Marine x2  
  52  8:00  SCV  
  53  8:29  Marine x2  
Show
View Real Time Build Order
Export as new Build Order

XanthiX Terran 

Build Orders:  

Get SALT Encoding   

  12  0:00  SCV  
  13  0:18  Supply Depot  
  13  0:43  Barracks  
  13  0:49  Barracks  
  13  0:58  Refinery  
  13  1:10  Refinery  
  13  1:34  Orbital Command  
  13  1:45  Barracks Reactor  
  13  1:51  Barracks Reactor  
  13  2:31  SCV  
  13  2:32  Marine x2  
  13  2:33  Marine x2  
  18  2:37  Factory  
  18  2:44  Supply Depot  
  18  2:51  Marine  
  19  2:54  Marine  
  19  2:58  Marine  
  20  3:03  Marine  
  22  3:11  Marine  
  23  3:16  Marine  
  24  3:23  SCV  
  25  3:38  Starport  
  25  3:41  Marine x2  
  21  4:15  Marine x4  
  19  4:30  Factory Tech Lab  
  19  4:34  Starport  
  18  4:43  Liberator  
  18  4:59  Siege Tank  
  4  6:05  Command Center  
  1  6:23  Barracks Reactor  
  1  7:00  Marine x2  
  3  7:17  Marine  
  3  7:18  Marine  
  3  7:20  Engineering Bay  
  5  7:41  Marine  
Tags
 
Matchup
TvT
Opening
1/1/1
Race
Terran
Replay Pack
B2M-Replays
Spawn Locations
Cross Positions
Add a new tag
Caveats
  • Supply blocks, unpowered buildings, or Contaminate may cause inaccurate times.
  • Supply counts are checked every 10 seconds.